 Dungeon Crawl Stone Soup version 0.28.0 (webtiles) character file.

Game seed: 9779584097228732182

43003 Strat the Slicer (level 13, -35/103 HPs)
             Began as a Mummy Delver on Feb 15, 2022.
             Was an Initiate of Yredelemnul.
             Annihilated by Saint Roka (36 damage)
             ... on level 2 of the Orcish Mines.
             The game lasted 01:23:38 (32260 turns).

Strat the Slicer (Mummy Delver)                    Turns: 32260, Time: 01:23:38

Health: -35/103    AC: 18    Str: 17    XL:     13   Next: 88%
Magic:  21/23      EV: 11    Int: 18    God:    Yredelemnul [......]
Gold:   1512       SH:  6    Dex: 20    Spells: 19/26 levels left

rFire   . . .      SeeInvis .   a - +8 short sword of Accord {pain, rPois Int+4}
rCold   + . .      Faith    .   p - +0 buckler
rNeg    + + +      Spirit   .   l - +1 leather armour {rC+}
rPois   ∞          Reflect  .   y - +1 helmet
rElec   .          Harm     .   D - +2 cloak
rCorr   .          Rampage  .   i - +2 pair of gloves
Will    +....                   E - +3 pair of boots of the Lair of Beasts {Int+2}
Stlth   +++.......              (no amulet)
HPRegen 0.27/turn               e - +6 ring of dexterity
MPRegen 0.18/turn               x - ring of fire

@: no status effects
A: cold resistance 1, negative energy resistance 3, torment resistance 2, heat
vulnerability 1, in touch with death 1, no potions
a: Renounce Religion, Recall Undead Harvest


You were on level 2 of the Orcish Mines.
You worshipped Yredelemnul.
Yredelemnul was aware of your devotion.
You visited 4 branches of the dungeon, and saw 21 of its levels.
You also visited: Ossuary.

You collected 1798 gold pieces.
You spent 286 gold pieces at shops.

Inventory:

Hand Weapons
 a - the +8 short sword of Accord (weapon) {pain, rPois Int+4}
   (You took it off a centaur on level 7 of the Dungeon)

   In the hands of one skilled in necromantic magic, it inflicts extra damage on
   living creatures.
   Int:       It affects your intelligence (+4).
   rPois:     It protects you from poison.
 b - a +0 hunting sling
 h - a +2 short sword of draining
 j - a +4 eveningstar of venom
 A - a +4 dagger of freezing
Missiles
 k - 549 stones (quivered)
 o - 8 javelins
 r - 34 poisoned darts
 s - 101 sling bullets
 t - 31 boomerangs
Armour
 i - a +2 pair of gloves (worn)
 l - a +1 leather armour of cold resistance (worn)
 p - a +0 buckler (worn)
 y - a +1 helmet (worn)
 D - a +2 cloak (worn)
 E - the +3 pair of boots of the Lair of Beasts (worn) {Int+2}
   (You found it on level 6 of the Dungeon)

   Int:       It affects your intelligence (+2).
 F - a scarf of repulsion
Jewellery
 e - a +6 ring of dexterity (left hand)
 g - a ring of see invisible
 x - a ring of fire (right hand)
 H - the ring "Naraloc" {rPois rC+}
   (You found it on level 9 of the Dungeon)

   [ring of poison resistance]

   rC:        It protects you from cold.
   rPois:     It protects you from poison.
Wands
 d - a wand of flame (15)
 f - a wand of digging (2)
 m - a wand of charming (3)
 G - a wand of polymorph (8)
Scrolls
 c - 3 scrolls of fog
 n - 4 scrolls of amnesia
 q - 22 scrolls of identify
 w - 3 scrolls of enchant armour
 B - 3 scrolls of enchant weapon
Miscellaneous
 C - a phantom mirror (inert)


   Skills:
 - Level 10.0 Fighting
 + Level 10.1 Short Blades
 + Level 9.2 Armour
 - Level 1.5 Dodging
 - Level 5.0 Stealth
 - Level 5.0 Shields
 - Level 7.0 Spellcasting
 - Level 7.0 Necromancy
 - Level 4.0 Ice Magic
 + Level 9.6 Invocations


You had 19 spell levels left.
You knew the following spells:

 Your Spells              Type           Power      Damage    Failure   Level
a - Frozen Ramparts       Ice            40%        1d6       10%         3
b - Summon Ice Beast      Ice/Summ       13%        N/A       56%         4

Your spell library contained the following spells:

 Spells                   Type           Power      Damage    Failure   Level
 Passage of Golubria      Tloc           6%         N/A       85%         4
 Silence                  Hex/Air        3%         N/A       99%         5
 Lehudib's Crystal Spear  Conj/Erth      3%         10d2      100%        8
 Ice Form                 Ice/Tmut       Unusable   N/A       N/A         4

Dungeon Overview and Level Annotations

Branches:
Dungeon (12/15)            Temple (1/1) D:7            Lair (6/6) D:9
 Shoals (0/4) Lair:4       Spider (0/4) Lair:4        Slime (0/5) Lair:5
    Orc (2/2) D:9             Elf (0/3) Orc:2       Ossuary (visited)

Altars:
Ashenzari
Cheibriados
Dithmenos
Elyvilon
Fedhas
Gozag
Hepliaklqana
Kikubaaqudgha
Makhleb
Nemelex Xobeh
Okawaru
Qazlal
Ru
Sif Muna
Trog
Uskayaw
Vehumet
Wu Jian
Xom
Yredelemnul
Zin
The Shining One
Beogh
Jiyva

Shops:
D:10 *   D:11 *(?!!   Orc:1 ?

Annotations:
D:2 Sigmund
D:10 2 transporters, exclusions: 2 ice statues and oklob plant, Selrock's ghost, novice SpCj
D:11 exclusion: obsidian statue
D:12 Kirke
Orc:2 Donald; Saint Roka


Innate Abilities, Weirdness & Mutations

You are immune to poison.
Your flesh is cold resistant. (rC+)
You are immune to negative energy. (rN+++)
You are immune to unholy pain and torment.
You are vulnerable to heat. (rF-)
You are in touch with the powers of death.
You do not drink.


Message History

Saint Roka hits Saint Roka with a +1 great mace of holy wrath!!
The wall freezes Saint Roka.
You puncture Saint Roka!
Saint Roka writhes in agony.
Saint Roka is moderately wounded.
Your orc zombie closely misses Saint Roka.
The wall freezes Saint Roka.
Saint Roka invokes the aid of Beogh against you.
Beogh smites you!
Saint Roka hits Saint Roka with a +1 great mace of holy wrath!!
You closely miss Saint Roka.
Saint Roka is moderately wounded.
The wall freezes Saint Roka.
You block Saint Roka's attack.
You hit Saint Roka but do no damage.
Saint Roka writhes in agony.
Saint Roka is moderately wounded.
Your orc zombie hits Saint Roka but does no damage.
Saint Roka hits Saint Roka with a +1 great mace of holy wrath.
You hit Saint Roka.
Saint Roka writhes in agony.
Saint Roka is heavily wounded.
The wall freezes Saint Roka.
Saint Roka invokes the aid of Beogh against you.
Beogh smites you!
* * * LOW HITPOINT WARNING * * *
Unknown command.
You hit Saint Roka.
Saint Roka writhes in agony.
Saint Roka is heavily wounded.
Saint Roka shimmers and vanishes!
Your orc zombie hits Saint Roka but does no damage.
You hit Saint Roka but do no damage.
Saint Roka writhes in agony.
Saint Roka is heavily wounded.
The frozen ramparts melt away.
Saint Roka hits you with a +1 great mace of holy wrath!!
* * * LOW HITPOINT WARNING * * *
You convulse!!!
* * * LOW HITPOINT WARNING * * *
You puncture Saint Roka!
Saint Roka writhes in agony.
Saint Roka is heavily wounded.
Your orc zombie closely misses Saint Roka.
Saint Roka hits you with a +1 great mace of holy wrath!!!
You die...
Yredelemnul claims you as an undead slave.

####.##.[######.........#####[...
# #...#..)# *#...........##......
##.#....#**,..#.....#,,,##.....
##.....#*,,.##.....#*,,,##.)..
##.#..#,,.#*#.....#**,,,#....
####.#∩,** #8...8###*,∩#....
#########.....#.#####[...
##....#oZ.........[....
##.....@................
#....#.#................
#.......................
##.#.#........#.........
######......###........
##.....##........#
##...............
##.............. ###..##........


You could see Saint Roka (ally target) and a friendly orc zombie.

Vanquished Creatures
  An ettin (Orc:1)
  3 hydras (Lair:5)
  A boulder beetle (Lair:4)
  4 death yaks (Lair:5)
  2 two-headed ogres (D:11)
  Urug (Lair:4)
  An orc high priest (Orc:2)
  Nergalle (Orc:2)
  A lindwurm (Lair:4)
  An orc sorcerer (Orc:2)
  3 orc knights (Orc:2)
  2 black mambas
  A rime drake (Lair:2)
  7 cane toads
  A kobold demonologist (D:10)
  5 komodo dragons
  5 trolls
  4 polar bears (Lair:4)
  A hornet (D:11)
  8 blink frogs
  A water elemental (D:11)
  A shadow (D:11)
  21 yaks
  4 basilisks
  A wyvern (D:10)
  5 hogs
  A wraith (D:11)
  A fire elemental (Lair:4)
  3 fire bats (Lair:4)
  A steam dragon (D:10)
  3 vampire mosquitoes (D:11)
  A warg (Orc:2)
  8 water moccasins
  23 orc warriors
  A hornet zombie (D:7)
  5 black bears
  2 sky beasts
  2 ice beasts
  2 wolves (Lair:3)
  4 ogres
  6 centaurs
  2 phantoms (D:9)
  3 kobold brigands
  10 bullfrogs
  A gnoll sergeant (D:9)
  3 wyvern zombies
  2 scorpions (D:4)
  3 water moccasin zombies
  A water moccasin skeleton (D:4)
  2 troll zombies (D:9)
  4 wights
  4 electric eels
  5 howler monkeys
  2 bullfrog zombies
  2 centaur zombies (Ossuary)
  2 hounds
  6 jellies
  2 centaur skeletons
  2 gnoll shamans
  18 orc priests
  Crazy Yiuf (D:6)
  A bullfrog skeleton (D:5)
  18 orc wizards
  2 hell rats (Lair:2)
  An iguana (D:5)
  A killer bee zombie (D:7)
  5 ogre zombies (D:9)
  A hound skeleton (D:5)
  16 mummies
  4 howler monkey zombies
  11 gnolls
  3 howler monkey skeletons
  6 adders
  A shadow imp (D:4)
  A white imp (D:6)
  4 worms
  52 orcs
  8 ball pythons
  4 endoplasms
  9 giant cockroaches
  8 goblins
  7 hobgoblins
  13 kobolds
  4 quokkas
  2 bats
  2 frilled lizards (D:2)
  A goblin skeleton (D:9)
  5 goblin zombies (D:9)
  A hobgoblin skeleton (D:9)
  2 hobgoblin zombies
  2 kobold zombies (D:4)
  3 orc skeletons (D:9)
  10 orc zombies
  4 rats
436 creatures vanquished.

Vanquished Creatures (collateral kills)
  A hydra (Lair:5)
  A catoblepas (Lair:5)
  2 death yaks (Lair:5)
  2 orc sorcerers (Orc:2)
  An eye of devastation (Lair:3)
  2 cane toads
  A komodo dragon (Lair:4)
  2 trolls (D:9)
  5 polar bears
  7 blink frogs
  A hog (D:11)
  7 yaks
  3 water moccasins (Lair:2)
  A black bear (Lair:3)
  An orc warrior (Orc:1)
  2 wolves
  2 ogres
  A centaur (D:9)
  A bullfrog (Lair:2)
  A gnoll sergeant (D:5)
  A troll zombie (D:9)
  A howler monkey (D:8)
  An electric eel (Lair:5)
  2 orc priests
  An orc wizard (Orc:1)
  4 hell rats (Lair:2)
  4 orcs
  A kobold (D:8)
  2 orc skeletons (D:9)
  2 orc zombies (D:9)
  A plant (Lair:5)
64 creatures vanquished.

Vanquished Creatures (others)
  A hydra zombie (Lair:5)
  A black mamba zombie (Lair:5)
  A vampire mosquito (D:11)
  2 cane toad zombies
  A hog zombie (D:12)
  A vampire mosquito zombie (D:11)
  A komodo dragon zombie (Lair:2)
  2 water moccasin zombies
  A wyvern zombie (D:10)
  A warg zombie (Orc:2)
  3 troll zombies
  5 yak zombies
  A bullfrog zombie (Lair:4)
  2 centaur zombies
  An orc priest (Orc:2)
  2 ogre zombies (Orc:1)
  A steam dragon zombie (D:10)
  2 gnoll zombies
  8 kobold zombies (D:8)
  37 orc zombies
  46 fungi
  121 plants
  8 withered plants (Ossuary)
249 creatures vanquished.

Grand Total: 749 creatures vanquished

Notes
Turn   | Place    | Note
-------+----------+-------------------------------------------
     0 | D:5      | Strat the Mummy Delver began the quest for the Orb.
     0 | D:5      | Reached XP level 1. HP: 18/18 MP: 1/1
     6 | D:5      | Noticed a black bear
   307 | D:3      | Reached XP level 2. HP: 24/24 MP: 2/2
   906 | D:1      | Found a faded altar of an unknown god.
  1115 | D:1      | Reached XP level 3. HP: 22/29 MP: 3/3
  1708 | D:2      | Noticed Sigmund
  2305 | D:3      | Reached XP level 4. HP: 29/37 MP: 4/4
  2985 | D:3      | Reached XP level 5. HP: 29/43 MP: 5/5
  3494 | D:4      | Reached skill level 5 in Fighting
  4371 | D:4      | Reached XP level 6. HP: 51/51 MP: 6/6
  4488 | D:5      | Noticed an ice beast
  4937 | D:5      | Noticed a water moccasin
  5549 | D:5      | Reached skill level 5 in Short Blades
  5549 | D:5      | Reached XP level 7. HP: 9/56 MP: 7/7
  7876 | D:5      | Reached XP level 8. HP: 47/63 MP: 8/8
  8196 | D:6      | Found a sand-covered staircase.
  8205 | Ossuary  | Entered an ossuary
  9255 | D:6      | Noticed a two-headed ogre
  9284 | D:6      | Found a runed translucent door.
  9284 | D:6      | Noticed Crazy Yiuf
  9285 | D:6      | Killed Crazy Yiuf
  9506 | D:7      | Reached XP level 9. HP: 60/68 MP: 9/9
  9610 | D:7      | Noticed a two-headed ogre
  9809 | D:6      | Reached skill level 5 in Stealth
 10212 | D:6      | Identified the +3 pair of boots of the Lair of Beasts
                  | {Int+2}
 10663 | D:7      | Reached skill level 10 in Short Blades
 10688 | D:7      | Learned a level 3 spell: Frozen Ramparts
 10693 | D:7      | Learned a level 4 spell: Summon Ice Beast
 10801 | D:7      | Reached skill level 1 in Armour
 10912 | D:7      | Reached skill level 1 in Spellcasting
 11223 | D:7      | Identified the +8 short sword of Accord {pain, rPois Int+4}
 11233 | D:7      | Paralysed by a centaur for 4 turns
 11255 | D:7      | Reached skill level 1 in Ice Magic
 11367 | D:7      | Found a staircase to the Ecumenical Temple.
 11389 | Temple   | Entered the Ecumenical Temple
 11476 | Temple   | Became a worshipper of Yredelemnul the Dark
 12010 | D:8      | Reached skill level 1 in Necromancy
 12189 | D:8      | Reached * piety under Yredelemnul
 12293 | D:8      | Noticed a two-headed ogre
 12828 | D:8      | Reached XP level 10. HP: 76/76 MP: 14/14
 13773 | D:9      | Identified the ring "Naraloc" {rPois rC+}
 13781 | D:9      | Found a staircase to the Lair.
 13851 | D:9      | Found an ornate altar of the Wu Jian Council.
 15094 | D:9      | Found a staircase to the Orcish Mines.
 15259 | D:9      | Reached ** piety under Yredelemnul
 15584 | D:9      | Reached skill level 5 in Spellcasting
 16024 | D:10     | Entered Level 10 of the Dungeon
 16073 | D:10     | Found Bouqeczu's Assorted Antiques.
 16167 | D:10     | Found a transporter.
 16169 | D:10     | Noticed Selrock's ghost (novice SpCj)
 16170 | D:10     | Noticed an ice statue
 16193 | D:10     | Noticed an ice statue
 16409 | D:10     | Found a transporter.
 16417 | D:10     | Noticed an oklob plant
 16531 | D:10     | Noticed a green ugly thing
 16606 | D:10     | Reached skill level 5 in Armour
 16952 | D:11     | Noticed an obsidian statue
 16979 | D:11     | Reached XP level 11. HP: 84/84 MP: 18/18
 17108 | D:11     | Found Baosol's Magic Scroll Shop.
 17115 | D:11     | Bought a scroll of teleportation for 42 gold pieces
 17115 | D:11     | Bought a scroll of teleportation for 42 gold pieces
 17115 | D:11     | Bought a scroll of fear for 49 gold pieces
 17144 | D:11     | Found Yme Jigu's General Store.
 17197 | D:11     | Noticed a two-headed ogre
 17263 | D:11     | Found Heiggi's Distillery.
 17322 | D:11     | Found Haoributa's Distillery.
 17527 | D:11     | Found Jibruts's Weapon Shoppe.
 17536 | D:11     | Noticed a two-headed ogre
 17555 | D:11     | Reached skill level 1 in Shields
 17559 | D:11     | Killed a two-headed ogre
 17655 | D:11     | Identified the +5 shortbow of Dipig {venom, rF+ rC++ rCorr
                  | Stlth-}
 17656 | D:11     | Identified the +5 ring mail of Sufficient Freedom {Harm rC-
                  | Str+2}
 17905 | D:11     | Killed a two-headed ogre
 18274 | D:12     | Noticed a cyan ugly thing
 18323 | D:12     | Noticed Kirke
 18330 | D:12     | Noticed a sphinx
 18345 | D:11     | Reached skill level 5 in Shields
 18452 | Lair:1   | Entered Level 1 of the Lair of Beasts
 18797 | Lair:1   | Reached skill level 1 in Invocations
 18970 | Lair:1   | Reached *** piety under Yredelemnul
 19509 | Lair:1   | Reached **** piety under Yredelemnul
 19548 | Lair:1   | Reached ***** piety under Yredelemnul
 21079 | Lair:3   | Reached XP level 12. HP: 89/94 MP: 22/22
 21529 | Lair:3   | Noticed a boulder beetle
 21532 | Lair:3   | a boulder beetle changed into an eye of devastation
 22377 | Lair:3   | Noticed a death yak
 22434 | Lair:3   | You fall into a shaft and drop 2 floors!
 22435 | Lair:5   | Noticed a four-headed hydra
 22436 | Lair:5   | Noticed a catoblepas
 23078 | Lair:4   | Found a staircase to the Shoals.
 23131 | Lair:4   | Reached skill level 5 in Invocations
 23216 | Lair:4   | Noticed Urug
 23594 | Lair:4   | Identified the +0 robe of the Catfish {rPois rF- Will++}
 23716 | Lair:4   | Reached skill level 10 in Fighting
 24090 | Lair:4   | Found a hole to the Spider Nest.
 24103 | Lair:4   | Noticed a boulder beetle
 24114 | Lair:4   | Killed a boulder beetle
 24115 | Lair:4   | Reached skill level 5 in Necromancy
 24505 | Lair:4   | Killed Urug
 24906 | Lair:5   | Found a staircase to the Slime Pits.
 24906 | Lair:5   | Found a viscous altar of Jiyva.
 24983 | Lair:5   | Noticed a death yak
 25129 | Lair:5   | Noticed a death yak
 25133 | Lair:5   | Noticed a death yak
 25153 | Lair:5   | Noticed a death yak
 25158 | Lair:5   | Noticed a death yak
 25161 | Lair:5   | Noticed a death yak
 25164 | Lair:5   | Killed a death yak
 25175 | Lair:5   | Killed a death yak
 25176 | Lair:5   | Gained mutation: You are in touch with the powers of death.
                  | [Mummy growth]
 25176 | Lair:5   | Reached XP level 13. HP: 79/103 MP: 18/23
 26697 | Lair:6   | Entered Level 6 of the Lair of Beasts
 27039 | Orc:1    | Entered Level 1 of the Orcish Mines
 27811 | Orc:1    | Found Helyat's Magic Scroll Emporium.
 27883 | Orc:1    | Bought a scroll of teleportation for 51 gold pieces
 27883 | Orc:1    | Bought 2 scrolls of teleportation for 102 gold pieces
 28057 | Orc:1    | Noticed an ettin
 28075 | Orc:1    | Killed an ettin
 28365 | Orc:2    | Entered Level 2 of the Orcish Mines
 28493 | Orc:2    | Noticed Donald
 29002 | Orc:2    | Found a staircase to the Elven Halls.
 29184 | Orc:2    | Noticed Nergalle
 29792 | Orc:2    | Noticed Saint Roka
 30028 | Orc:2    | HP: 2/103 [Saint Roka/divine providence (8)]
 30722 | Orc:2    | Killed Nergalle
 32259 | Orc:2    | HP: 1/103 [Saint Roka (41)]
 32260 | Orc:2    | Annihilated by Saint Roka

Illustrated notes

Levels and vault maps discovered:
D:1:      saegor_arrival_simple_c, layout_rooms,
          shapermc_ecumenical_altar_mp_vishouse, chequers_serial_rivers_small_b,
          minmay_pentomino_u4
D:2:      layout_rooms, uniq_sigmund
D:3:      minmay_angry_zag, layout_rooms, portal_sewer_entry_f,
          solitary_fountain
D:4:      layout_gridville, minmay_mini_ossuary
D:5:      layout_basic, nicolae_grassy_gnolls
D:6:      layout_rooms, nicolae_ossuary_entry_ruins, minmay_between,
          uniq_crazy_yiuf_cottage
D:7:      layout_basic, minmay_temple_entry_junction, enter_bailey_8,
          kennysheep_opposing_triangles
D:8:      layout_layer_cave, minivault_14
D:9:      layout_loops_ring, nzn_wu_jian_contemplation, dpeg_oklobed_lair,
          zombieorc2_lemuel, minmay_increasing_density
D:10:     layout_loops_ring, serial_shops, nicolae_square_shop,
          nzn_ghost_randoct
D:11:     layout_basic, serial_shops, nicolae_diamond_shop,
          nicolae_shop_bloodbath_and_beyond, nicolae_shop_trees,
          nicolae_shop_statue_plus, nicolae_shop_behind_doors,
          minmay_protected_statue
D:12:     layout_stronghold, gauntlet_entry_generic, serial_column_ruins,
          column_ruins_open_tiny_water, column_ruins_open_tiny,
          column_ruins_open_tiny, column_ruins_grid_1, xom_teletrap_fun,
          uniq_kirke, uniq_azrael
Temple:   nicolae_temple_the_god_donut
Lair:1:   layout_layer_cave, serial_bayou_shore_a, lemuel_fruit_tree
Lair:2:   layout_loops_ring, beast_lair_carwin_5
Lair:3:   layout_gridlike, gammafunk_lair_bear_cave
Lair:4:   layout_gridlike, minmay_shoals_entry_centaurs, dummy_spider_entry,
          beast_lair_carwin_8, uniq_urug
Lair:5:   layout_hall_layers, slime_altar_1, serial_bayou, serial_bayou_pond_b,
          serial_bayou_lake_a, serial_bayou_lagoon_a, serial_bayou_pond_e
Lair:6:   minmay_lair_end_enchanted_forest, layout_gridlike,
          columned_hall_lemuel, infiniplex_staircase_pool_2
Orc:1:    layout_caves, serial_shops, shop_statue, mines1_david
Orc:2:    grunt_orc_cross, layout_caves, uniq_donald

Skill      XL: |  1  2  3  4  5  6  7  8  9 10 11 12 13 |
---------------+----------------------------------------+-----
Short Blades   | 2 3 5 7 9 10 | 10.1
Fighting       | 4 5 6 7 8 10 | 10.0
Stealth        | 5 |  5.0
Armour         | 2 5 6 7 9 |  9.2
Spellcasting   | 3 5 7 |  7.0
Ice Magic      | 2 4 |  4.0
Necromancy     | 2 4 6 7 |  7.0
Shields        | 5 |  5.0
Invocations    | 3 7 9 |  9.6
Dodging        | |  1.5

Action                   |  1- 3 |  4- 6 |  7- 9 | 10-12 | 13-15 || total
-------------------------+-------+-------+-------+-------+-------++-------
Melee: Short sword       |   120 |   269 |   222 |   741 |   392 ||  1744
       Punch             |     1 |       |       |     3 |       ||     4
       Dagger            |       |       |   510 |       |       ||   510
 Fire: Hunting sling     |    52 |    60 |    80 |       |       ||   192
Throw: Stone             |       |       |       |     1 |       ||     1
 Cast: Frozen Ramparts   |       |       |       |     8 |    37 ||    45
       Summon Ice Beast  |       |       |       |       |     1 ||     1
Invok: Dark Bargain      |       |       |       |     2 |       ||     2
       Recall Undead Har |       |       |       |     1 |     1 ||     2
Evoke: Wand              |       |       |    12 |    23 |    13 ||    48
       Phantom mirror    |       |       |       |       |     2 ||     2
  Use: Scroll            |     2 |     1 |    18 |    13 |     6 ||    40
 Stab: Sleeping          |     4 |     4 |     4 |     6 |       ||    18
       Distracted        |       |       |     2 |    11 |     1 ||    14
       Paralysed         |       |       |     1 |     3 |       ||     4
Armor: Leather armour    |    34 |    90 |   190 |   237 |   124 ||   675
       Ring mail         |       |       |    11 |       |       ||    11
Dodge: Dodged            |    60 |   137 |   279 |   283 |   129 ||   888
Block: Buckler           |     3 |    38 |    76 |    87 |    81 ||   285
